Map: Ascension to Aiur LE

Players

UniformFlow - Winner!

  • Race: Terran Terran
  • League: Silver
  • Spawn Location: 11:00

Whiskydog

  • Race: Terran Terran
  • League: Silver
  • Spawn Location: 5:00

VOD

Have the link to the VOD?

Description

Time

  • Played on: June 10, 2017, 11:15 p.m.
  • Length: 7:30
Show
View Real Time Build Order
Export as new Build Order

UniformFlow Terran - Winner!

Build Orders:  

Get SALT Encoding   

  12  0:02  SCV  
  13  0:14  SCV  
  14  0:24  Supply Depot  
  14  0:27  SCV  
  15  0:45  SCV  
  15  0:48  Barracks  
  16  0:52  Refinery  
  16  0:57  SCV  
  17  1:09  SCV  
  18  1:21  SCV  
  19  1:34  SCV  
  21  1:48  Orbital Command  
  21  1:51  Barracks Tech Lab  
  20  2:03  Supply Depot  
  20  2:09  Ghost Academy  
  20  2:12  Reaper  
  21  2:17  Refinery  
  21  2:43  Marine  
  22  2:50  Command Center  
  22  3:01  Marine  
  23  3:10  Factory  
  23  3:19  Marine  
  24  3:22  SCV  
  25  3:34  SCV  
  25  3:37  Ghost  
  28  3:46  SCV  
  28  3:53  Personal Cloaking  
  28  3:58  SCV  
  28  3:59  Factory Tech Lab  
  29  4:11  SCV  
  30  4:20  Supply Depot  
  30  4:22  Refinery  
  30  4:23  SCV  
  31  4:27  Siege Tank  
  31  4:29  Refinery  
  34  4:34  Engineering Bay  
  34  4:35  SCV  
  35  4:42  Supply Depot  
  35  4:47  SCV  
  35  4:50  Orbital Command  
  36  4:59  SCV  
  37  5:03  Missile Turret  
  37  5:05  Bunker  
  37  5:10  Missile Turret  
  37  5:11  SCV  
  38  5:18  Nuke, SCV  
  39  5:30  SCV  
  40  5:35  Supply Depot  
  40  5:36  Missile Turret  
  41  5:42  SCV  
  41  5:53  Siege Tank  
  44  5:57  Supply Depot  
  44  6:00  Starport, SCV  
  45  6:20  Nuke  
  45  6:38  Supply Depot  
  45  6:52  Siege Tank  
  48  6:55  Marine  
  48  7:01  Supply Depot  
  49  7:05  Missile Turret  
Show
View Real Time Build Order
Export as new Build Order

Whiskydog Terran 

Build Orders:  

Get SALT Encoding   

  12  0:01  SCV  
  13  0:16  Supply Depot  
  13  0:18  SCV  
  14  0:26  Refinery  
  14  0:30  SCV  
  15  0:46  Barracks  
  15  0:47  SCV  
  16  0:59  SCV  
  16  1:02  Supply Depot  
  17  1:12  SCV  
  18  1:23  Engineering Bay  
  18  1:28  SCV  
  19  1:44  Barracks Tech Lab, Orbital Command  
  19  1:51  Terran Infantry Weapons Level 1  
  19  1:56  Refinery  
  19  2:23  Command Center  
  19  2:29  Marine  
  20  2:34  Stimpack  
  20  2:49  Marine  
  21  2:51  Factory  
  21  2:53  SCV  
  22  3:00  Supply Depot  
  22  3:05  SCV  
  23  3:15  Marine  
  23  3:16  Barracks  
  23  3:18  SCV  
  25  3:30  SCV  
  25  3:32  Barracks  
  26  3:49  Marine  
  26  3:53  Factory Tech Lab  
  27  4:02  Barracks  
  27  4:04  Marine  
  27  4:07  Marine  
  29  4:16  SCV  
  30  4:29  SCV  
  31  4:32  Starport  
  31  4:38  Barracks  
  31  4:47  SCV  
  32  4:53  Orbital Command  
  32  4:58  Barracks Reactor  
  35  5:00  SCV  
  35  5:01  Barracks Reactor  
  35  5:03  Barracks Reactor  
  35  5:06  Marauder  
  35  5:16  Refinery  
  35  5:18  SCV x2  
  37  5:27  Marine  
  37  5:28  Starport Reactor  
  38  5:30  SCV x2  
  40  5:38  Marine x3  
  40  5:39  Starport, Marine  
  40  5:42  SCV  
  45  5:43  SCV  
  45  5:46  Supply Depot  
  45  5:49  Marine  
  47  5:50  Supply Depot, Marine  
  47  5:51  Marine  
  47  5:57  Siege Tank  
  52  5:59  Marine x2  
  54  6:07  Marine  
  54  6:08  Medivac x2  
  59  6:14  Supply Depot, Marine x3  
  62  6:29  Marine x2  
  62  6:30  Marine  
  52  6:37  Marine x2  
  52  6:38  Marine  
  55  6:40  SCV x2  
  55  6:46  Marine  
  58  6:47  Marine  
  58  6:50  Marine  
  58  6:52  SCV x2  
  62  6:59  Marine x2  
  64  7:04  SCV x2  
  66  7:13  Supply Depot  
  66  7:16  Supply Depot  
Tags
 
Matchup
TvT
Race
Terran
Replay Pack
SIII
Spawn Locations
Cross Positions
Add a new tag
Caveats
  • Supply blocks, unpowered buildings, or Contaminate may cause inaccurate times.
  • Supply counts are checked every 10 seconds.